 Dungeon Crawl Stone Soup version 0.23.2-1-ga50397a6bc (webtiles) character file.

Game seed: 12565526252067481431

2930 Gunterle the Gouger (level 9, 40/40 HPs)
             Began as a Felid Transmuter on May 13, 2019.
             Was a Follower of Uskayaw.
             Got out of the dungeon alive.
             The game lasted 01:36:42 (16522 turns).

Gunterle the Gouger (Felid Transmuter)             Turns: 16522, Time: 01:36:42

Health: 40/40      AC:  2    Str:  6    XL:     9   Next: 50%
Magic:  16/16      EV: 21    Int: 18    God:    Uskayaw [*.....]
Gold:   122        SH:  0    Dex: 17    Spells: 0/16 levels left
                                        Lives:  1   Deaths: 1

rFire    . . .     SeeInvis +     - Unarmed
rCold    . . .     Gourm    .   (shield unavailable)
rNeg     . . .     Faith    .   (armour unavailable)
rPois    .         Spirit   .   (helmet unavailable)
rElec    .         Reflect  .   (cloak unavailable)
rCorr    .         Harm     .   (gloves unavailable)
MR       +....                  (boots unavailable)
Stlth    +++.......             (no amulet)
HPRegen  0.13/turn              y - ring of wizardry
MPRegen  0.15/turn              t - +4 ring of slaying

@: quick
A: very small, no armour, no weapons or thrown items, stealth, claws 1, fangs 3,
see invisible, carnivore, speed 1, shaggy fur 2, slow metabolism 1, sharp paws
a: Stomp, Renounce Religion


You escaped.
You worshipped Uskayaw.
Uskayaw was noncommittal.
You were not hungry.

You visited 2 branches of the dungeon, and saw 12 of its levels.
You also visited: Sewer.

You collected 524 gold pieces.
You spent 402 gold pieces at shops.

Inventory:

Missiles
 a - 147 arrows
 f - 263 stones
Jewellery
 g - an uncursed ring of ice
 n - an uncursed ring of poison resistance
 t - a +4 ring of slaying (right paw)
 y - a ring of wizardry (left paw)
Wands
 A - a wand of acid (5)
Scrolls
 b - 3 scrolls of enchant armour
 d - 4 scrolls of teleportation
 h - a scroll of fog
 j - 2 scrolls of amnesia
 k - 2 scrolls of immolation {unknown}
 m - 2 scrolls of remove curse
 q - a scroll of noise {unknown}
 v - a scroll of enchant weapon
 x - a scroll of torment {unknown}
 C - a scroll of summoning {unknown}
Potions
 e - a potion of haste
 i - 2 potions of flight
 l - 3 potions of lignification
 o - a potion of ambrosia {unknown}
 r - 2 potions of invisibility
 s - a potion of heal wounds
 u - 2 potions of brilliance
 z - a potion of magic
 B - a potion of berserk rage {unknown}
Comestibles
 c - 19 rations


   Skills:
 + Level 5.4 Fighting
 + Level 6.0 Dodging
 * Level 3.5 Stealth
 * Level 8.2 Unarmed Combat
 + Level 4.2 Spellcasting
 + Level 5.6 Hexes
 + Level 7.6 Transmutations
 - Level 4.2 Ice Magic
   Level 3.8 Poison Magic
 + Level 4.0 Invocations


You couldn't memorise any spells.
You knew the following spells:

 Your Spells              Type           Power        Failure   Level  Hunger
a - Beastly Appendage     Tmut           ####..       1%          1    None
b - Sticks to Snakes      Tmut           ####....     1%          2    ##.....
c - Blade Hands           Tmut           ####......   7%          5    ######.
d - Confusing Touch       Hex            ###...       1%          1    None
e - Ice Form              Ice/Tmut       ####....     5%          4    ####...
f - Confuse               Hex            ###.....     1%          3    ###....

Your spell library contained the following spells:

 Spells                   Type           Power        Failure   Level  Hunger
 Spider Form              Tmut/Pois      ###.......   1%          3    ###....
 Yara's Violent Unravell  Hex/Tmut       ####......   11%         5    ######.
 Petrify                  Tmut/Erth      ###.....     12%         4    ####...
 Gell's Gravitas          Tloc           #.........   17%         3    ###....
 Metabolic Englaciation   Hex/Ice        ###.......   21%         5    ######.


Dungeon Overview and Level Annotations

Branches:
Dungeon (11/15)            Temple (1/1) D:5            Lair (0/6) D:8
    Orc (0/2) D:10

Altars:
Ashenzari
Cheibriados
Dithmenos
Elyvilon
Fedhas
Gozag
Hepliaklqana
Kikubaaqudgha
Makhleb
Nemelex Xobeh
Okawaru
Qazlal
Ru
Sif Muna
Trog
Uskayaw
Vehumet
Wu Jian
Xom
Yredelemnul
Zin
The Shining One

Shops:
D:6 *   D:11 !

Portals:
Ice
Cave: D:11

Annotations:
D:7 exclusion: upstairs


Innate Abilities, Weirdness & Mutations

You cannot wear armour.
You are incapable of wielding weapons or throwing items.
Your paws allow you to move quietly. (Stealth)
You have sharp claws.
You have razor-sharp teeth.
You have supernaturally acute eyesight. (SInv)
You are carnivorous and can eat meat at any time.
You cover ground quickly.
You are covered in thick fur. (AC +2)
You have a slow metabolism.
Your sharp claws are effective at attacking unaware monsters.


Message History

There is a stone staircase leading up here.
You climb upwards.
There is a stone staircase leading down here.
There is a stone staircase leading up here.
You climb upwards.
There is a stone staircase leading down here.
There is a stone staircase leading up here.
You climb upwards.
There is a stone staircase leading down here.
There is a stone staircase leading up here.
You climb upwards.
There is a stone staircase leading down here.
There is a stone staircase leading down here.
You see here a +2 dagger of speed.
You see here a dagger.
You enter the shallow water.
Moving in this stuff is going to be slow.
There is a staircase leading out of the dungeon here.
Are you sure you want to leave the Dungeon?
This will make you lose the game!
You have escaped!

#)# #####...................###
#.# #..#######.#######.........
#.# #....####...####....####...
#.# ##.....#..≈..#.....## #.##
#.# #8..≈....≈....≈..8# #.# #.#
##...≈..≈≈≈..≈...## #.## #÷#
##.....≈≈≈≈≈≈≈.....## #.#.
#.###....≈≈≈≈...≈≈≈≈....# #.#.
#...#..≈≈≈≈≈..@..≈≈≈≈≈..# #.#.
###.#....≈≈≈≈...≈≈≈≈....####.#.
#.##.....≈≈≈≈≈≈≈.....#..)>...
#.###...≈..≈≈≈..≈...######.#.
#.##8..≈....≈....≈..8# ##.##.
#.##.....#..≈..#)....###.###.
#.#....####...####....##.# #.
#.#..#######.## ####..##.###.
#####.####.......####.#######.##.


There were no monsters in sight!

Vanquished Creatures
  A two-headed ogre (D:8)
  Pikel (D:7)
  2 hippogriffs
  4 ice beasts
  A black bear (D:8)
  3 orc warriors
  An ogre (D:8)
  3 sky beasts
  3 centaurs
  2 big kobolds
  4 bullfrogs
  3 scorpions
  8 killer bees
  4 wights (D:8)
  3 howler monkeys
  A centaur zombie (D:8)
  A crimson imp (D:8)
  A bullfrog zombie (D:8)
  A gnoll shaman (D:4)
  5 hounds
  4 orc priests
  A jelly (D:8)
  6 orc wizards
  2 bullfrog skeletons
  A centaur skeleton (D:7)
  4 iguanas
  8 worker ants
  3 hound skeletons
  A worker ant zombie (D:5)
  6 gnolls
  7 adders
  A river rat (D:5)
  3 shadow imps
  3 oozes
  4 worms
  A dart slug (D:3)
  9 leopard geckos
  25 orcs
  11 giant cockroaches
  10 goblins
  11 hobgoblins
  9 jackals
  14 kobolds
  7 quokkas
  2 ball pythons
  9 bats
  8 frilled lizards
  A leopard gecko zombie (D:8)
  8 rats
231 creatures vanquished.

Vanquished Creatures (collateral kills)
  A hornet (D:7)
  A hippogriff (D:8)
  2 ice beasts
  2 orc warriors (D:8)
  3 ogres
  3 wights (D:8)
  A hound (D:4)
  A worker ant (D:4)
  A gnoll (D:3)
  5 adders
  A worm (D:5)
  A giant cockroach (D:8)
  3 rats (D:5)
25 creatures vanquished.

Vanquished Creatures (others)
  A scorpion (D:7)
  A wight (D:8)
2 creatures vanquished.

Grand Total: 258 creatures vanquished

Notes
Turn   | Place    | Note
-------+----------+-------------------------------------------
     0 | D:1      | Gunterle the Felid Transmuter began the quest for the Orb.
     0 | D:1      | Reached XP level 1. HP: 9/9 MP: 4/4
   216 | D:1      | Reached XP level 2. HP: 12/12 MP: 4/6
   220 | D:1      | Learned a level 2 spell: Sticks to Snakes
   573 | D:1      | Reached XP level 3. HP: 14/15 MP: 5/7
  1309 | D:2      | Learned a level 3 spell: Spider Form
  1840 | D:2      | Reached XP level 4. HP: 19/19 MP: 8/8
  2625 | D:3      | Reached skill level 1 in Poison Magic
  2714 | D:3      | Reached skill level 4 in Unarmed Combat
  2719 | D:3      | Found an iron altar of Okawaru.
  3564 | D:4      | Reached XP level 5. HP: 22/22 MP: 6/9
  4189 | D:4      | Gained mutation: You are covered in thick fur. (AC +2)
                  | [Felid growth]
  4189 | D:4      | Reached XP level 6. HP: 24/27 MP: 6/10
  5096 | D:4      | Found a shattered altar of Ashenzari.
  5098 | D:4      | Found a hide-covered altar of Uskayaw.
  5098 | D:4      | Found an iron altar of Okawaru.
  5101 | D:4      | Found a shimmering altar of Xom.
  5101 | D:4      | Found a blossoming altar of Fedhas.
  5101 | D:4      | Found a shimmering altar of Xom.
  5183 | D:5      | Entered Level 5 of the Dungeon
  5291 | D:5      | Found a glowing drain.
  5318 | Sewer    | Entered a sewer
  6097 | D:5      | Reached skill level 5 in Unarmed Combat
  6097 | D:5      | Reached skill level 5 in Transmutations
  6135 | D:5      | Found an iron altar of Okawaru.
  6230 | D:5      | Reached XP level 7. HP: 25/31 MP: 11/11
  6284 | D:5      | Found a staircase to the Ecumenical Temple.
  6297 | Temple   | Entered the Ecumenical Temple
  6469 | Temple   | Became a worshipper of Uskayaw the Reveler
  6600 | D:5      | Reached * piety under Uskayaw
  6659 | D:5      | Reached ** piety under Uskayaw
  6732 | D:5      | Learned a level 1 spell: Confusing Touch
  7055 | D:6      | Found Orphigyc's Assorted Antiques.
  7388 | D:6      | Reached XP level 8. HP: 29/34 MP: 12/12
  7512 | D:6      | Reached skill level 1 in Invocations
  7550 | D:6      | Reached skill level 1 in Hexes
  7670 | D:6      | Found a shattered altar of Ashenzari.
  7694 | D:6      | Found a deep blue altar of Sif Muna.
  7696 | D:6      | Found a shadowy altar of Dithmenos.
  7965 | D:6      | Bought a golden potion for 27 gold pieces
  7965 | D:6      | Bought a steel ring for 150 gold pieces
  7985 | D:6      | Learned a level 4 spell: Ice Form
  8034 | D:6      | Reached skill level 6 in Unarmed Combat
  8432 | D:7      | Noticed a hornet
  8704 | D:7      | Noticed Pikel
  8744 | D:7      | Killed Pikel
  8954 | D:7      | Killed a hornet
  8967 | D:7      | Found an ornate altar of the Wu Jian Council.
  9112 | D:7      | Found a blossoming altar of Fedhas.
  9208 | D:8      | Noticed a hippogriff
  9218 | D:8      | Killed a hippogriff
  9218 | D:8      | Reached XP level 9. HP: 21/39 MP: 9/14
  9682 | D:8      | Reached *** piety under Uskayaw
 10200 | D:8      | Reached skill level 7 in Unarmed Combat
 11293 | D:7      | Learned a level 3 spell: Confuse
 11641 | D:8      | Noticed a two-headed ogre
 12071 | D:8      | Found a staircase to the Lair.
 12158 | D:8      | Reached skill level 5 in Dodging
 12785 | D:8      | Killed a two-headed ogre
 12785 | D:8      | Reached skill level 5 in Fighting
 12785 | D:8      | Reached XP level 10. HP: 26/44 MP: 2/16
 13479 | D:9      | Learned a level 5 spell: Blade Hands
 13685 | D:8      | Reached skill level 5 in Hexes
 14031 | D:9      | Reached skill level 1 in Stealth
 14732 | D:9      | Reached skill level 8 in Unarmed Combat
 14886 | D:10     | Entered Level 10 of the Dungeon
 14991 | D:11     | Found Tavievit's Distillery.
 14999 | D:11     | Found a frozen archway.
 15002 | D:11     | Bought a potion of heal wounds for 75 gold pieces
 15002 | D:11     | Bought a potion of haste for 150 gold pieces
 15992 | D:10     | Found a staircase to the Orcish Mines.
 16341 | D:10     | Slain by an orc warrior
 16342 | D:10     | Reached XP level 9. HP: 0/48 MP: 15/16
 16522 | D:$      | Got out of the dungeon alive.

Skill      XL: |  1  2  3  4  5  6  7  8  9 10 |
---------------+-------------------------------+-----
Transmutations | 3 4 5 6 7 |  7.6
Fighting       | 2 3 4 5 |  5.4
Poison Magic   | 1 2 3 |  3.8
Unarmed Combat | 4 5 6 7 8 |  8.2
Invocations    | 2 3 4 |  4.0
Hexes          | 3 4 5 |  5.6
Dodging        | 4 5 6 |  6.0
Ice Magic      | 2 4 |  4.2
Spellcasting   | 3 4 |  4.2
Stealth        | 3 |  3.5

Action                   |  1- 3 |  4- 6 |  7- 9 | 10-12 || total
-------------------------+-------+-------+-------+-------++-------
Melee: Unarmed           |   110 |   246 |   243 |   153 ||   752
       Headbutt          |    16 |    26 |     8 |    10 ||    60
       Bite              |     4 |    11 |     6 |     6 ||    27
       Punch             |       |     1 |     3 |     1 ||     5
 Cast: Beastly Appendage |    25 |    42 |    28 |    11 ||   106
       Sticks to Snakes  |     9 |    19 |    49 |     7 ||    84
       Spider Form       |       |    14 |    34 |     3 ||    51
       Confusing Touch   |       |       |    17 |    29 ||    46
       Confuse           |       |       |    13 |     9 ||    22
       Ice Form          |       |       |       |    12 ||    12
       Blade Hands       |       |       |       |     5 ||     5
Evoke: Wand              |       |       |    19 |     5 ||    24
  Use: Scroll            |     1 |     7 |     8 |     6 ||    22
       Potion            |       |       |     6 |     3 ||     9
 Stab: Sleeping          |     8 |     2 |     7 |     2 ||    19
       Invisible         |       |       |     2 |       ||     2
       Confused          |       |       |     8 |    15 ||    23
       Paralysed         |       |       |       |     1 ||     1
  Eat: Chunk             |    10 |    13 |    20 |    13 ||    56
Armor: Skin              |     4 |    12 |     9 |    25 ||    50
Dodge: Dodged            |    85 |   197 |   174 |    90 ||   546
